TOP OF THE 1ST |
El Paso Texans batting - Pitching for Savannah Hogs : RHP Danny Lee
|
Pitching: RHP Danny Lee
|
|
Batting: RHB Jody Díaz
|
0-0: Called Strike 0-1: Reached on error, E6 (Groundball, 6)
|
Batting: LHB William Foley
|
0-0: Ball 1-0: Foul Ball, location: 2F 1-1: Called Strike 1-2: SINGLE (Groundball, 15S) (infield hit) Jody Díaz to second
|
Batting: RHB Andrew O'Dell
|
0-0: Called Strike 0-1: Ball 1-1: Ball 2-1: Ball 3-1: Called Strike 3-2: Foul Ball, location: 2F 3-2: Base on Balls Jody Díaz to third William Foley to second
|
Batting: LHB Roberto Félix
|
0-0: Ball 1-0: Ball 2-0: Fielders Choice at 2nd, 5-4 (Groundball, 56) Jody Díaz scores William Foley to third
|
Batting: RHB Javier Álvarez
|
0-0: Called Strike 0-1: Ball 1-1: Fly out, F6 (Line Drive, 6)
|
Batting: LHB Cipriano Rangel
|
0-0: Ball 1-0: Called Strike 1-1: Ball 2-1: Called Strike 2-2: SINGLE (Groundball, 34D) William Foley scores Roberto Félix to second Runner from 2nd tries for 3rd, SAFE, no throw
|
Batting: SHB Richie Gallegos
|
0-0: Foul Ball, location: 2F 0-1: Foul Ball, location: 2F 0-2: Ball 1-2: Strikes out looking
|
Top of the 1st over - 2 run(s), 2 hit(s), 1 error(s), 2 left on base; El Paso 2 - Savannah 0 |
BOTTOM OF THE 1ST |
Savannah Hogs batting - Pitching for El Paso Texans : RHP Derek Baker
|
Pitching: RHP Derek Baker
|
|
Batting: RHB Ramón Gómez
|
0-0: Foul Ball, location: 2F 0-1: Ball 1-1: Swinging Strike 1-2: Strikes out looking
|
Batting: RHB Guillermo González
|
0-0: Foul Ball, location: 2F 0-1: Ball 1-1: Swinging Strike 1-2: Ball 2-2: Strikes out swinging
|
Batting: LHB Guillermo Santos
|
0-0: Called Strike 0-1: Called Strike 0-2: SINGLE (Groundball, 3D)
|
Batting: LHB Juan Vásquez
|
0-0: Called Strike 0-1: Ball 1-1: Ball 2-1: Ground out 5-3 (Groundball, 56)
|
Bottom of the 1st over - 0 run(s), 1 hit(s), 0 error(s), 1 left on base; El Paso 2 - Savannah 0 |
TOP OF THE 2ND |
El Paso Texans batting - Pitching for Savannah Hogs : RHP Danny Lee
|
Batting: SHB Oliver Riley
|
0-0: Ball 1-0: Foul Ball, location: 2F 1-1: Ball 2-1: Ball 3-1: Foul Ball, location: 2F 3-2: SINGLE (Line Drive, 89M)
|
Batting: LHB Michael Melton
|
0-0: Called Strike Oliver Riley steals 2nd base 0-1: Foul Ball, location: 2F 0-2: Strikes out looking
|
Batting: RHB Jody Díaz
|
0-0: Ball 1-0: Ball 2-0: Foul Ball, location: 2F 2-1: SINGLE (Groundball, 34D) Oliver Riley to third Runner from 3rd tries for Home, SAFE, no throw
|
Batting: LHB William Foley
|
0-0: Ball 1-0: Ball 2-0: Called Strike 2-1: Ball 3-1: Base on Balls Jody Díaz to second
|
Batting: RHB Andrew O'Dell
|
0-0: Called Strike 0-1: Ball 1-1: Ball 2-1: Ball 3-1: Ground out 6-3 (Groundball, 6S) Jody Díaz to third William Foley to second
|
Batting: LHB Roberto Félix
|
0-0: Ball 1-0: Called Strike 1-1: Called Strike 1-2: Strikes out swinging
|
Top of the 2nd over - 1 run(s), 2 hit(s), 0 error(s), 2 left on base; El Paso 3 - Savannah 0 |
BOTTOM OF THE 2ND |
Savannah Hogs batting - Pitching for El Paso Texans : RHP Derek Baker
|
Batting: RHB Alex Whitehead
|
0-0: Ball 1-0: Ball 2-0: Ball 3-0: Called Strike 3-1: Called Strike 3-2: Base on Balls
|
Batting: LHB Miguel Medellín
|
0-0: Ball 1-0: Grounds into double play, 4-6-3 (Groundball, 4)
|
Batting: RHB José Fajardo
|
0-0: Foul Ball, location: 2F 0-1: Swinging Strike 0-2: Ground out 5-3 (Groundball, 56)
|
Bottom of the 2nd over - 0 run(s), 0 hit(s), 0 error(s), 0 left on base; El Paso 3 - Savannah 0 |
TOP OF THE 3RD |
El Paso Texans batting - Pitching for Savannah Hogs : RHP Danny Lee
|
Batting: RHB Javier Álvarez
|
0-0: Ball 1-0: Ground out 5-3 (Groundball, 56)
|
Batting: LHB Cipriano Rangel
|
0-0: Ball 1-0: DOUBLE (Line Drive, 89D)
|
Batting: SHB Richie Gallegos
|
0-0: Ball 1-0: Ball 2-0: Ball 3-0: Called Strike 3-1: Called Strike 3-2: Base on Balls
|
Batting: SHB Oliver Riley
|
0-0: Ball
|
|
|
|
1-0: Called Strike 1-1: Ball 2-1: Ball 3-1: Base on Balls Cipriano Rangel to third Richie Gallegos to second
|
Batting: LHB Michael Melton
|
0-0: Foul Ball, location: 2F 0-1: Swinging Strike 0-2: Ball Wild Pitch! Cipriano Rangel scores Richie Gallegos to third Oliver Riley to second 1-2: Strikes out swinging
|
Batting: RHB Jody Díaz
|
0-0: SINGLE (Line Drive, 34) Richie Gallegos scores Oliver Riley to third Runner from 3rd tries for Home, SAFE, no throw
|
Batting: LHB William Foley
|
0-0: Called Strike 0-1: Foul Ball, location: 2F 0-2: Fielders Choice at 2nd, 6-4 (Groundball, 6D)
|
Top of the 3rd over - 3 run(s), 2 hit(s), 0 error(s), 0 left on base; El Paso 6 - Savannah 0 |
BOTTOM OF THE 3RD |
Savannah Hogs batting - Pitching for El Paso Texans : RHP Derek Baker
|
Batting: LHB Mario Álvarez
|
0-0: SOLO HOME RUN (Flyball, 89XD), Distance : 382 ft
|
Batting: LHB Marv Alexander
|
0-0: Called Strike 0-1: Swinging Strike 0-2: Strikes out looking
|
Batting: RHB Ramón Gómez
|
0-0: Ground out 6-3 (Groundball, 6M)
|
Batting: RHB Guillermo González
|
0-0: Ball 1-0: Called Strike 1-1: Foul Ball, location: 2F 1-2: Ball 2-2: Ball 3-2: Fly out, F7 (Flyball, 78S)
|
Bottom of the 3rd over - 1 run(s), 1 hit(s), 0 error(s), 0 left on base; El Paso 6 - Savannah 1 |
TOP OF THE 4TH |
El Paso Texans batting - Pitching for Savannah Hogs : RHP Danny Lee
|
Batting: RHB Andrew O'Dell
|
0-0: Ball 1-0: Called Strike 1-1: Ball 2-1: Fly out, F4 (Line Drive, 4D)
|
Batting: LHB Roberto Félix
|
0-0: Ball 1-0: Fly out, F7 (Flyball, 7S)
|
Batting: RHB Javier Álvarez
|
0-0: Ball 1-0: Ball 2-0: Ground out 5-3 (Groundball, 56)
|
Top of the 4th over - 0 run(s), 0 hit(s), 0 error(s), 0 left on base; El Paso 6 - Savannah 1 |
BOTTOM OF THE 4TH |
Savannah Hogs batting - Pitching for El Paso Texans : RHP Derek Baker
|
Batting: LHB Guillermo Santos
|
0-0: Ball 1-0: Ball 2-0: Ball 3-0: Called Strike 3-1: SOLO HOME RUN (Flyball, 78XD), Distance : 380 ft
|
Batting: LHB Juan Vásquez
|
0-0: Ball 1-0: Called Strike 1-1: Ground out U3 (Groundball, 34)
|
Batting: RHB Alex Whitehead
|
0-0: Called Strike 0-1: Ball 1-1: SINGLE (Groundball, 56D)
|
Batting: LHB Miguel Medellín
|
0-0: Ball 1-0: Hit by Pitch Alex Whitehead to second
|
Batting: RHB José Fajardo
|
0-0: Ball 1-0: Called Strike Alex Whitehead steals 3rd base Miguel Medellín to second 1-1: Ball 2-1: Called Strike 2-2: Foul Ball, location: 2F 2-2: Ball 3-2: Fly out, F5 (Line Drive, 5)
|
Batting: LHB Mario Álvarez
|
0-0: Called Strike 0-1: Ball 1-1: Swinging Strike 1-2: Ball 2-2: Ground out 2-3 (Groundball, 2L)
|
Bottom of the 4th over - 1 run(s), 2 hit(s), 0 error(s), 2 left on base; El Paso 6 - Savannah 2 |
TOP OF THE 5TH |
El Paso Texans batting - Pitching for Savannah Hogs : RHP Danny Lee
|
Pitching: RHP Jorge Durán
|
|
Batting: LHB Cipriano Rangel
|
0-0: Ball 1-0: Ground out 4-3 (Groundball, 34)
|
Batting: SHB Richie Gallegos
|
0-0: Ball 1-0: Ball 2-0: Foul Ball, location: 2F 2-1: Ball 3-1: Swinging Strike 3-2: Strikes out swinging
|
Batting: SHB Oliver Riley
|
0-0: Ball 1-0: Foul Ball, location: 2F 1-1: Foul Ball, location: 2F 1-2: Ground out 4-3 (Groundball, 34)
|
Top of the 5th over - 0 run(s), 0 hit(s), 0 error(s), 0 left on base; El Paso 6 - Savannah 2 |
BOTTOM OF THE 5TH |
Savannah Hogs batting - Pitching for El Paso Texans : RHP Derek Baker
|
Batting: LHB Marv Alexander
|
0-0: Called Strike 0-1: Swinging Strike 0-2: Foul Ball, location: 2F 0-2: Ball 1-2: Ball 2-2: Ball 3-2: Strikes out swinging
|
Batting: RHB Ramón Gómez
|
0-0: SOLO HOME RUN (Flyball, 78XD), Distance : 406 ft
|
Batting: RHB Guillermo González
|
0-0: Ball 1-0: Called Strike 1-1: Ball 2-1: Foul Ball, location: 2F 2-2: Ball 3-2: Foul Ball, location: 2F 3-2: Base on Balls
|
Pitching: LHP Mark De Jesús
|
|
Batting: LHB Guillermo Santos
|
0-0: Called Strike Guillermo González steals 2nd base 0-1: Foul Ball, location: 2F 0-2: Foul Ball, location: 2F 0-2: Strikes out swinging
|
Batting: LHB Juan Vásquez
|
0-0: Fly out, F6 (Line Drive, 6M)
|
Bottom of the 5th over - 1 run(s), 1 hit(s), 0 error(s), 1 left on base; El Paso 6 - Savannah 3 |
TOP OF THE 6TH |
El Paso Texans batting - Pitching for Savannah Hogs : RHP Jorge Durán
|
Batting: LHB Michael Melton
|
0-0: Called Strike 0-1: Called Strike 0-2: Ball 1-2: Ball 2-2: Ball 3-2: Base on Balls
|
Batting: RHB Jody Díaz
|
0-0: Ball 1-0: Called Strike 1-1: Called Strike 1-2: Strikes out swinging
|
Batting: LHB William Foley
|
0-0: Ball 1-0: Ball 2-0: Ball 3-0: Foul Ball, location: 2F 3-1: Called Strike 3-2: Base on Balls Michael Melton to second
|
Batting: RHB Andrew O'Dell
|
0-0: Ball 1-0: Ball 2-0: Swinging Strike 2-1: Ball 3-1: Base on Balls Michael Melton to third William Foley to second
|
Batting: LHB Roberto Félix
|
0-0: Ball 1-0: Ball 2-0: Ball 3-0: Foul Ball, location: 2F 3-1: Called Strike 3-2: SINGLE (Groundball, 56) (infield hit) Michael Melton scores William Foley to third Andrew O'Dell to second
|
Batting: RHB Javier Álvarez
|
0-0: Ball 1-0: Called Strike 1-1: Ground out 5-3 (Groundball, 56S) William Foley scores Andrew O'Dell to third Roberto Félix to second
|
Pitching: RHP William Gallegos
|
|
Batting: LHB Cipriano Rangel
|
0-0: Swinging Strike 0-1: Ball 1-1: SINGLE (Groundball, 4MD) Andrew O'Dell scores Roberto Félix to third Runner from 3rd tries for Home, SAFE, no throw
|
Batting: SHB Richie Gallegos
|
0-0: Called Strike 0-1: Foul Ball, location: 2F 0-2: Ground out 4-3 (Groundball, 4MS)
|
Top of the 6th over - 4 run(s), 2 hit(s), 0 error(s), 1 left on base; El Paso 10 - Savannah 3 |
BOTTOM OF THE 6TH |
Savannah Hogs batting - Pitching for El Paso Texans : LHP Mark De Jesús
|
Batting: RHB Alex Whitehead
|
0-0: Fly out, F7 (Flyball, 7)
|
Batting: LHB Miguel Medellín
|
0-0: Ball 1-0: Fly out, F7 (Flyball, 7S)
|
Batting: RHB José Fajardo
|
0-0: Called Strike 0-1: Called Strike 0-2: Hit by Pitch
|
Batting: LHB Mario Álvarez
|
0-0: Ball 1-0: Fielders Choice at 2nd, 4-6 (Groundball, 4)
|
Bottom of the 6th over - 0 run(s), 0 hit(s), 0 error(s), 0 left on base; El Paso 10 - Savannah 3 |
TOP OF THE 7TH |
El Paso Texans batting - Pitching for Savannah Hogs : RHP William Gallegos
|
Batting: SHB Oliver Riley
|
0-0: Ball 1-0: Called Strike 1-1: Ball 2-1: Ball 3-1: Foul Ball, location: 2F 3-2: Strikes out swinging
|
Batting: LHB Michael Melton
|
0-0: Fly out, F7 (Flyball, 7)
|
Batting: RHB Jody Díaz
|
0-0: Called Strike 0-1: Ground out 6-3 (Groundball, 6)
|
Top of the 7th over - 0 run(s), 0 hit(s), 0 error(s), 0 left on base; El Paso 10 - Savannah 3 |
BOTTOM OF THE 7TH |
Savannah Hogs batting - Pitching for El Paso Texans : LHP Mark De Jesús
|
Batting: LHB Marv Alexander
|
0-0: Ball 1-0: Ball 2-0: Ball 3-0: Called Strike 3-1: Swinging Strike 3-2: Ground out U3 (Groundball, 34)
|
Batting: RHB Ramón Gómez
|
0-0: Ball 1-0: Ball 2-0: Ball 3-0: Called Strike 3-1: Base on Balls
|
Batting: RHB Guillermo González
|
0-0: Fly out, F4 (Popup, 34D)
|
Batting: LHB Guillermo Santos
|
0-0: Ball 1-0: Called Strike 1-1: Foul Ball, location: 2F 1-2: Ball Ramón Gómez steals 2nd base 2-2: Fly out, F3 (Popup, 3S)
|
Bottom of the 7th over - 0 run(s), 0 hit(s), 0 error(s), 1 left on base; El Paso 10 - Savannah 3 |
TOP OF THE 8TH |
El Paso Texans batting - Pitching for Savannah Hogs : RHP William Gallegos
|
Batting: LHB William Foley
|
0-0: Called Strike 0-1: Foul Ball, location: 2F 0-2: Foul Ball, location: 2F 0-2: Ball 1-2: Ball 2-2: Foul Ball, location: 2F 2-2: Foul Ball, location: 2F 2-2: Ball 3-2: Strikes out looking
|
Batting: RHB Andrew O'Dell
|
0-0: Ball 1-0: Called Strike 1-1: Swinging Strike 1-2: Ball 2-2: Foul Ball, location: 2F 2-2: Foul Ball, location: 2F 2-2: Ball 3-2: Fly out, F5 (Line Drive, 56)
|
Batting: LHB Roberto Félix
|
0-0: Swinging Strike 0-1: Swinging Strike 0-2: Ball 1-2: Ball 2-2: Foul Ball, location: 2F 2-2: Ball 3-2: Base on Balls
|
Batting: RHB Javier Álvarez
|
0-0: Swinging Strike 0-1: Ball 1-1: Called Strike 1-2: Ball 2-2: Ball 3-2: Base on Balls Roberto Félix to second
|
Batting: LHB Cipriano Rangel
|
0-0: Swinging Strike 0-1: Ball 1-1: Ball 2-1: Foul Ball, location: 2F 2-2: Ball 3-2: Foul Ball, location: 2F 3-2: Base on Balls Roberto Félix to third Javier Álvarez to second
|
Batting: SHB Richie Gallegos
|
0-0: Ball 1-0: Ball 2-0: Ball 3-0: Called Strike 3-1: Foul Ball, location: 2F 3-2: Foul Ball, location: 2F 3-2: Ground out 4-3 (Groundball, 4)
|
Top of the 8th over - 0 run(s), 0 hit(s), 0 error(s), 3 left on base; El Paso 10 - Savannah 3 |
BOTTOM OF THE 8TH |
Savannah Hogs batting - Pitching for El Paso Texans : LHP Mark De Jesús
|
Batting: LHB Juan Vásquez
|
0-0: Ball 1-0: Foul Ball, location: 2F 1-1: Ball 2-1: Fly out, F8 (Line Drive, 78M)
|
Pitching: RHP Ralph Miller
|
|
Now in CF: Marvin Johnson
|
|
Pinch Hitting: RHB Orlando Márquez
|
0-0: Swinging Strike 0-1: Ball 1-1: Ball 2-1: Foul Ball, location: 2F 2-2: Ball 3-2: Strikes out looking
|
Batting: LHB Miguel Medellín
|
0-0: Ball 1-0: Ball 2-0: Reached on error, E8 (Flyball, 8RS)
|
Batting: RHB José Fajardo
|
0-0: Called Strike 0-1: Fly out, F9 (Flyball, 9S)
|
Bottom of the 8th over - 0 run(s), 0 hit(s), 1 error(s), 1 left on base; El Paso 10 - Savannah 3 |
TOP OF THE 9TH |
El Paso Texans batting - Pitching for Savannah Hogs : RHP William Gallegos
|
Pitching: RHP José Gonzáles
|
|
Now at 3B: Luis González
|
|
Batting: SHB Oliver Riley
|
0-0: Ball 1-0: Fly out, F5 (Popup, 5S)
|
Pinch Hitting: RHB John Wilson
|
0-0: Ball 1-0: Called Strike 1-1: Foul Ball, location: 2F 1-2: Foul Ball, location: 2F 1-2: Fly out, F9 (Flyball, 9S)
|
Batting: RHB Jody Díaz
|
0-0: Ball 1-0: Fly out, F8 (Flyball, 8RD)
|
Top of the 9th over - 0 run(s), 0 hit(s), 0 error(s), 0 left on base; El Paso 10 - Savannah 3 |
BOTTOM OF THE 9TH |
Savannah Hogs batting - Pitching for El Paso Texans : RHP Ralph Miller
|
Now at 3B: John Wilson
|
|
Batting: LHB Mario Álvarez
|
0-0: Ball 1-0: Ground out 6-3 (Groundball, 6)
|
Batting: LHB Marv Alexander
|
0-0: Foul Ball, location: 2F 0-1: Swinging Strike 0-2: SOLO HOME RUN (Flyball, 89XD), Distance : 377 ft
|
Batting: RHB Ramón Gómez
|
0-0: Ball 1-0: Ball 2-0: Swinging Strike 2-1: SINGLE (Groundball, 5) (infield hit)
|
Batting: RHB Guillermo González
|
0-0: Ball 1-0: Ball 2-0: Foul Ball, location: 2F 2-1: Fly out, F6 (Popup, 6MD)
|
Batting: LHB Guillermo Santos
|
0-0: Called Strike 0-1: Ball 1-1: Ball 2-1: Called Strike 2-2: Foul Ball, location: 2F 2-2: TRIPLE (Line Drive, 89XD) Ramón Gómez scores
|
Batting: LHB Juan Vásquez
|
0-0: SINGLE (Groundball, 34D) Guillermo Santos scores
|
Pitching: LHP Al Atkins
|
|
Batting: RHB Luis González
|
0-0: Ball 1-0: Ball 2-0: Swinging Strike 2-1: Fielders Choice at 2nd, 4-6 (Groundball, 4)
|
Bottom of the 9th over - 3 run(s), 4 hit(s), 0 error(s), 0 left on base; El Paso 10 - Savannah 6 |
|
Tuesday, August 8th, 2017 - OOTP Baseball 17.12 Build 75
|
|